 Dungeon Crawl Stone Soup version 0.23-a0-4-g8f018a2 (webtiles) character file.

37 Kuinu the Firebug (level 3, -1/26 HPs)
             Began as a Draconian Fire Elementalist on July 31, 2018.
             Shot with an arrow by a centaur (6 damage)
             ... on level 2 of the Dungeon.
             The game lasted 00:03:36 (1321 turns).

Kuinu the Firebug (Draconian Fire Elementalist)     Turns: 1321, Time: 00:03:37

Health: -1/26      AC:  5    Str: 10    XL:     3   Next: 21%
Magic:  3/6        EV: 12    Int: 16    God:
Gold:   30         SH:  0    Dex: 11    Spells: 3/6 levels left

rFire    . . .     SeeInvis .   h - +2 hand axe (vamp)
rCold    . . .     Gourm    .   (no shield)
rNeg     . . .     Faith    .   (armour unavailable)
rPois    .         Spirit   .   (helmet restricted)
rElec    .         Reflect  .   (no cloak)
rCorr    .         Harm     .   (no gloves)
MR       .....                  (no boots)
Stlth    ++........             (no amulet)
HPRegen  0.08/turn              (no ring)
MPRegen  0.10/turn              (no ring)

@: no status effects
A: unfitting armour, cold-blooded, AC +5
a: no special abilities


You were on level 2 of the Dungeon.
You were not hungry.

You visited 1 branch of the dungeon, and saw 2 of its levels.

You collected 30 gold pieces.

Inventory:

Hand Weapons
 c - a +0 club
 g - a +0 dagger
 h - a +2 vampiric hand axe (weapon)
Scrolls
 a - 2 scrolls of teleportation {unknown}
 e - a scroll of fog {unknown}
 f - 2 scrolls of remove curse {unknown}
 i - a scroll of identify {unknown}
Comestibles
 b - a ration
 d - 3 chunks of flesh


   Skills:
 - Level 1.7 Dodging
 - Level 1.7 Stealth
 + Level 2.3 Spellcasting
 * Level 2.1 Conjurations
 * Level 3.5 Fire Magic


You had 3 spell levels left.
You knew the following spells:

 Your Spells              Type           Power        Failure   Level  Hunger
a - Flame Tongue          Conj/Fire      ##...        6%          1    #......
b - Throw Flame           Conj/Fire      ##....       10%         2    ###....

Your spell library contained the following spells:

 Spells                   Type           Power        Failure   Level  Hunger
 Fireball                 Conj/Fire      ##........   86%         5    ######.
 Conjure Flame            Conj/Fire      ##......     19%         3    ###....
 Sticky Flame             Conj/Fire      ##......     52%         4    #####..
 Inner Flame              Hex/Fire       #.......     28%         3    ###....


Dungeon Overview and Level Annotations

Branches:
Dungeon (2/15)

Altars:


Innate Abilities, Weirdness & Mutations

Your plain brown scales are hard. (AC +5)
You cannot fit into any form of body armour.
You are cold-blooded and may be slowed by cold attacks.


Message History

The flame tongue hits the kobold.
You kill the kobold!
Casting: Flame Tongue (safe; 6% risk of failure)
Confirm with . or Enter, or press ? or * to list all spells.
Aiming: Flame Tongue (safe; 6% risk of failure)
Press: ? - help, Shift-Dir - straight line, f - hobgoblin
Aim: a hobgoblin, wielding a club The flame tongue hits the hobgoblin.
You kill the hobgoblin!
Casting: Flame Tongue (safe; 6% risk of failure)
Confirm with . or Enter, or press ? or * to list all spells.
Aiming: Flame Tongue (safe; 6% risk of failure)
Press: ? - help, Shift-Dir - straight line, f - centaur
Aim: a centaur, wielding a shortbow The flame tongue hits the centaur.
The centaur appears unharmed.
The centaur shoots an arrow.
The arrow hits you.
The centaur shoots an arrow.
The arrow hits you!
* * * LOW HITPOINT WARNING * * *
The centaur shoots an arrow.
The arrow hits you.
You die...

##### ...# #
####.###.####...[
...(...@(.(......
....##.###c##.###
. ... ..c ..##.
g##.. ... #. .#
## ## ## ##


You could see a centaur.

Vanquished Creatures
  An ooze (D:1)
  A dart slug (D:1)
  2 leopard geckos (D:1)
  A giant cockroach (D:1)
  2 goblins (D:1)
  7 hobgoblins
  2 jackals (D:1)
  2 bats (D:1)
  3 frilled lizards (D:1)
  2 kobolds
  4 rats (D:1)
27 creatures vanquished.

Notes
Turn   | Place    | Note
-------+----------+-------------------------------------------
     0 | D:1      | Kuinu the Draconian Fire Elementalist began the quest for the Orb.
     0 | D:1      | Reached XP level 1. HP: 14/14 MP: 3/3
    65 | D:1      | Reached XP level 2. HP: 9/20 MP: 0/5
    69 | D:1      | Learned a level 2 spell: Throw Flame
   855 | D:1      | Reached XP level 3. HP: 26/26 MP: 4/6
  1314 | D:2      | Noticed a centaur
  1321 | D:2      | Shot with an arrow by a centaur

Vault maps used:
D:1:      dpeg_arrival_connections, st_stairs_8, minmay_tromino_v4_c
D:2:      hex_large, minmay_stone_trees_medium, yredelemnul_altar_generic,
          uniq_sigmund

Skill      XL: |  1  2 |
---------------+-------+-----
Conjurations   | 2 |  2.1
Dodging        | |  1.7
Stealth        | |  1.7
Spellcasting   | |  2.3
Fire Magic     | |  3.5

Action                   || total
-------------------------++-------
Melee: Club              ||    17
       Tailslap          ||     1
       Dagger            ||     2
       Hand axe          ||     3
 Cast: Flame Tongue      ||    35
  Eat: Ration            ||     2
Armor: Skin              ||     4
Dodge: Dodged            ||    22

Table legend:
 A = Spawn XP
 B = Non-spawn XP
 C = Spawn XP percentage of total XP
 D = Spawn monster count
 E = Non-spawn monster count
 F = Spawn count percentage of total count
 G = Total turns spent on level
                    A         B        C        D         E        F      G
               +---------+---------+-------+---------+---------+-------+---------
         Total |       0 |      53 |   0.0 |       0 |      27 |   0.0 |  1321
               +---------+---------+-------+---------+---------+-------+---------
           D:1 |       0 |      50 |   0.0 |       0 |      25 |   0.0 |  1313
           D:2 |       0 |       3 |   0.0 |       0 |       2 |   0.0 |     8
               +---------+---------+-------+---------+---------+-------+---------
